Cogmind - Beta 12 @@@ ROGUE MODE // 2023.04.17 @ 13:41:39 Player: Mr Goldstein Result: Self-destructed Performance ------------- Evolutions (1) 500 Regions Visited (4) 800 Robots Destroyed (0) 0 Value Destroyed (0) 0 Prototype IDs (0) 0 Alien Tech Used (0) 0 Bonus (200) 200 TOTAL SCORE: 1500 Bonus ------- Pacifist 200 Cogmind --------- Core Integrity 5/400 Matter 293/300 Energy 99/100 System Corruption 0% Temperature Cool (0) Movement Core (50) Location -9/Mines Parts ------- > --- POWER (1) -------- (None) > --- PROPULSION (4) --- (None) > --- UTILITY (2) ------ Visual Processing Unit > --- WEAPON (2) ------- (None) > --- INVENTORY (5) ---- (None) Peak State ------------ > --- POWER ------------ (None) > --- PROPULSION ------- (None) > --- UTILITY ---------- Visual Processing Unit > --- WEAPON ----------- (None) > --- INVENTORY -------- (None) [Rating: 2] Favorites ----------- Power None Propulsion None Utility Visual Processing Unit Processor Visual Processing Unit Weapon None Build | -11 -10 -10 -9 -9 ------- Run | Jun Mat Min Mat Min Slots Evolved 2 | . . . 2 . Power . | . . . . . Propulsion 2 | . . . 2 . Utility . | . . . . . Weapon . | . . . . . Parts Attached 1 | . . . 1 . Power . | . . . . . Engine . | . . . . . Core . | . . . . . Reactor . | . . . . . Propulsion . | . . . . . Treads . | . . . . . Leg . | . . . . . Wheel . | . . . . . Hover . | . . . . . Flight . | . . . . . Utility 1 | . . . 1 . Device . | . . . . . Storage . | . . . . . Processor 1 | . . . 1 . Hackware . | . . . . . Protection . | . . . . . Artifact . | . . . . . Weapon . | . . . . . Energy Gun . | . . . . . Energy Cannon . | . . . . . Ballistic Gun . | . . . . . Ballistic Cannon . | . . . . . Launcher . | . . . . . Special Weapon . | . . . . . Impact Weapon . | . . . . . Slashing Weapon . | . . . . . Piercing Weapon . | . . . . . Special Melee Weapon . | . . . . . Unidentified Prototypes . | . . . . . Parts Lost . | . . . . . Power . | . . . . . Propulsion . | . . . . . Utility . | . . . . . Weapon . | . . . . . Highest Loss Streak . | . . . . . To Critical Strikes . | . . . . . Average Slot Usage (%) 5 | . . . 3 11 Processor 5 | . . . 3 11 Naked Turns 117 | . 31 45 41 . Heaviest Build . | . . . . . Greatest Support 3 | 3 3 3 3 3 Greatest Overweight (x) . | . . . . . Average Overweight (x) . | . . . . . Largest Inventory Capacity 5 | 5 5 5 5 5 Average Capacity 5 | 5 5 5 5 5 Most Carried . | . . . . . Average Carried . | . . . . . Final Capacity 5 | 5 5 5 5 5 Final Carried . | . . . . . Class Distribution -------------------- 100% | Mutant Dominant Class ---------------- Mutant | -10/Materials Mutant | -10/Mines Mutant | -9/Materials Mutant | -9/Mines Resources | -11 -10 -10 -9 -9 ----------- Run | Jun Mat Min Mat Min Matter Collected 168 | 168 . . . . Remotely . | . . . . . Salvage Created . | . . . . . Parts . | . . . . . Haulers Intercepted . | . . . . . Recyclers Shooed . | . . . . . Parts Field Recycled . | . . . . . Retrieved Matter . | . . . . . Parts Self-Destructed . | . . . . . Prevented . | . . . . . Kills | -11 -10 -10 -9 -9 ------- Run | Jun Mat Min Mat Min Combat Hostiles Destroyed . | . . . . . Classes Destroyed . | . . . . . Best Kill Streak . | . . . . . Combat Bots Only . | . . . . . Max Kills in Single Turn . | . . . . . Gunslinging . | . . . . . Exploded . | . . . . . Melee . | . . . . . Uniques/NPCs Destroyed . | . . . . . Combat | -11 -10 -10 -9 -9 -------- Run | Jun Mat Min Mat Min Damage Taken 396 | . . 1 272 123 Core 396 | . . 1 272 123 Absorbed by Shields . | . . . . . Core Remaining (%) 99 | 100 . 99 . . Volleys Fired . | . . . . . Largest . | . . . . . Hottest . | . . . . . Shots Fired . | . . . . . Gun . | . . . . . Cannon . | . . . . . Launcher . | . . . . . Special . | . . . . . Kinetic . | . . . . . Thermal . | . . . . . Explosive . | . . . . . Electromagnetic . | . . . . . Robot Hit Streak . | . . . . . Robot Miss Streak . | . . . . . Penetration Max . | . . . . . Secondary Targets . | . . . . . Shots Hit Robots . | . . . . . Core Hits 2 | . . . 2 . Critical Kills . | . . . . . Critical Parts Destroyed . | . . . . . Critical Strikes . | . . . . . Melee Attacks . | . . . . . Impact . | . . . . . Slashing . | . . . . . Piercing . | . . . . . Sneak Attacks . | . . . . . Combat Hostiles . | . . . . . Follow-up Attacks . | . . . . . Damage Inflicted 39 | . . 3 36 . Guns . | . . . . . Cannons . | . . . . . Explosions . | . . . . . Melee . | . . . . . Ramming 39 | . . 3 36 . Kinetic . | . . . . . Thermal . | . . . . . Explosive . | . . . . . Electromagnetic . | . . . . . Impact . | . . . . . Slashing . | . . . . . Piercing . | . . . . . Highest Corruption . | . . . . . Average Corruption . | . . . . . Corruption Purged . | . . . . . Corruption Blocked . | . . . . . Overload Shots . | . . . . . Overflow Damage . | . . . . . Projectiles . | . . . . . Explosions . | . . . . . Melee . | . . . . . Knockbacks . | . . . . . Impact . | . . . . . Kinetic . | . . . . . Secondary . | . . . . . Self-Inflicted Damage 17 | . . 1 16 . Shots . | . . . . . Rammed 11 | . . 2 9 . Targets Rammed 11 | . . 2 9 . Kicked . | . . . . . Crushed . | . . . . . Highest Temperature . | . . . . . Average Temperature . | . . . . . Received Heat Transfer 45 | . . . 45 . Siege Activations . | . . . . . Robots Corrupted . | . . . . . Combat Hostiles . | . . . . . Parts Fried . | . . . . . Impact Corruptions . | . . . . . Robots Melted . | . . . . . Combat Hostiles . | . . . . . Parts Melted . | . . . . . Heat Transferred . | . . . . . Parts Sabotaged . | . . . . . Parts Stolen . | . . . . . Parts Stripped . | . . . . . Power Chain Reactions . | . . . . . Missiles Intercepted . | . . . . . Alert | -11 -10 -10 -9 -9 ------- Run | Jun Mat Min Mat Min Peak Influence 80 | . . . 80 46 Initial 31 | . . . . 31 Average 23 | . . . 37 36 Maximum Alert Level . | . . . . . Low Security (%) 100 | 100 100 100 100 100 Level 1 . | . . . . . Level 2 . | . . . . . Level 3 . | . . . . . Level 4 . | . . . . . Level 5 . | . . . . . High Security . | . . . . . Max Security . | . . . . . Squads Dispatched 1 | . 1 . . . Investigation 1 | . 1 . . . Extermination . | . . . . . Reinforcement . | . . . . . Assault . | . . . . . Garrison . | . . . . . Intercept . | . . . . . Searches Triggered . | . . . . . Construction Impeded . | . . . . . Haulers Reinforced . | . . . . . Active Scanning Responses . | . . . . . Cargo Convoy Interrupts . | . . . . . Stealth | -11 -10 -10 -9 -9 --------- Run | Jun Mat Min Mat Min Distress Signals . | . . . . . Communications Jammed . | . . . . . Distress Signals . | . . . . . Times Spotted 23 | . . . 9 14 Peak Tracking Total 14 | . . . 9 14 Tactical Retreats 2 | . . . 1 1 Traps | -11 -10 -10 -9 -9 ------- Run | Jun Mat Min Mat Min Traps Triggered 1 | . 1 . . . Indirectly . | . . . . . Trap Hack Attempts . | . . . . . Triggered . | . . . . . Disarmed . | . . . . . Reprogrammed . | . . . . . Reused . | . . . . . Traps Extracted . | . . . . . Installed . | . . . . . Triggered . | . . . . . Machines | -11 -10 -10 -9 -9 ---------- Run | Jun Mat Min Mat Min Machines Disabled . | . . . . . Max in Single Turn . | . . . . . Machines Repaired . | . . . . . Machines Sabotaged . | . . . . . Overloaded Fab Kills . | . . . . . Hacking | -11 -10 -10 -9 -9 --------- Run | Jun Mat Min Mat Min Machines Accessed 1 | . . . 1 . Terminals 1 | . . . 1 . Fabricators . | . . . . . Repair Stations . | . . . . . Recycling Units . | . . . . . Scanalyzers . | . . . . . Garrison Access . | . . . . . Total Hacks 1 | . . . 1 . Successful 1 | . . . 1 . Failed . | . . . . . Catastrophic . | . . . . . Database Lockouts . | . . . . . Manual . | . . . . . Terminals 1 | . . . 1 . Fabricators . | . . . . . Repair Stations . | . . . . . Recycling Units . | . . . . . Scanalyzers . | . . . . . Garrison Access . | . . . . . Terminal Hacks 1 | . . . 1 . Zone Layout 1 | . . . 1 . Fabricator Hacks . | . . . . . Repair Station Hacks . | . . . . . Recycling Unit Hacks . | . . . . . Scanalyzer . | . . . . . Garrison Access Hacks . | . . . . . Unauthorized Hacks . | . . . . . Terminals . | . . . . . Fabricators . | . . . . . Repair Stations . | . . . . . Recycling Units . | . . . . . Scanalyzers . | . . . . . Garrison Access . | . . . . . Data Cores Recovered . | . . . . . Used . | . . . . . Hacking Detections . | . . . . . Full Trace Events . | . . . . . Feedback Events . | . . . . . Feedback Blocked . | . . . . . Robot Schematics Acquired . | . . . . . Robots Built . | . . . . . Authchips . | . . . . . Time . | . . . . . Total Robot Build Rating . | . . . . . Part Schematics Acquired . | . . . . . Parts Built . | . . . . . Authchips . | . . . . . Time . | . . . . . Total Part Build Rating . | . . . . . Parts Repaired . | . . . . . Time . | . . . . . Parts Recycled . | . . . . . Recycled Matter . | . . . . . Retrieved Matter . | . . . . . Retrieved Components . | . . . . . Parts Scanalyzed . | . . . . . Part Schematics Acquired . | . . . . . Parts Damaged . | . . . . . Bothacking | -11 -10 -10 -9 -9 ------------ Run | Jun Mat Min Mat Min Used RIF Installer . | . . . . . Robots Hacked . | . . . . . Non-combat . | . . . . . Combat . | . . . . . Robot Hacks Applied . | . . . . . Relay Couplers Released . | . . . . . Fabnet Peak Effective % . | . . . . . Robots Rewired . | . . . . . Allies Hacked . | . . . . . Hacks Repelled . | . . . . . Allies | -11 -10 -10 -9 -9 -------- Run | Jun Mat Min Mat Min Total Allies . | . . . . . Largest Group . | . . . . . Highest-Rated Group . | . . . . . Highest-Rated Ally . | . . . . . Total Orders . | . . . . . Ally Attacks . | . . . . . Total Damage . | . . . . . Kills . | . . . . . Allies Corrupted . | . . . . . Allies Melted . | . . . . . Intel | -11 -10 -10 -9 -9 ------- Run | Jun Mat Min Mat Min Robot Analysis Total . | . . . . . Derelict Logs Recovered 4 | . . 2 . 2 Drone Launches . | . . . . . Drone Recoveries . | . . . . . Exploration | -11 -10 -10 -9 -9 ------------- Run | Jun Mat Min Mat Min Turns Passed 228 | 9 31 45 63 80 Spaces Moved 430 | 19 61 86 105 159 Core 430 | 19 61 86 105 159 Treads . | . . . . . Legs . | . . . . . Wheels . | . . . . . Hover . | . . . . . Flight . | . . . . . Fastest Speed 50 | 50 50 50 50 50 Average Speed 50 | 50 50 50 50 50 Slowest Speed 50 | 50 50 50 50 50 Overloaded Moves . | . . . . . Propulsion Burnouts . | . . . . . Robots Hopped . | . . . . . Cave-ins Triggered . | . . . . . Exploration Rate (%) 25 | 3 17 38 22 49 Regions Visited 4 Branch Regions 2 Pre-discovered Areas 1 | . . 1 . . Known Exits Taken 1 | . . 1 . . Unknown Exits Taken 3 | 1 1 . 1 . Scrap Searched . | . . . . . Spaces Dug . | . . . . . Terrain Destroyed . | . . . . . Melee . | . . . . . Projectile . | . . . . . AOE . | . . . . . Terrain Rammed . | . . . . . Walls Destroyed . | . . . . . Machines Disabled . | . . . . . Actions | -11 -10 -10 -9 -9 --------- Run | Jun Mat Min Mat Min Total 438 | 18 60 87 114 159 Wait . | . . . . . Move 427 | 18 60 85 105 159 Hop . | . . . . . Pick Up . | . . . . . Fast Attach 1 | . . . 1 . Attach . | . . . . . Detach . | . . . . . Swap . | . . . . . Drop . | . . . . . Fire . | . . . . . Melee . | . . . . . Ram 10 | . . 2 8 . Kick . | . . . . . Crush . | . . . . . Escape Stasis . | . . . . . Rewire . | . . . . . Trap . | . . . . . Miscellaneous . | . . . . . Route ------- -11/Junkyard -10/Materials -10/Mines -9/Materials -9/Mines (discovered 1 exit: Mat) History --------- Turn | Location | Event 3 | -11/Junkyard | Discovered new exit (range 15) 10 | -11/Junkyard | Entered Materials 32 | -10/Materials | Discovered new exit (range 15) 41 | -10/Materials | Entered Mines 43 | -10/Mines | Identified exit to Materials 81 | -10/Mines | Learned location of Recycling (-8) 86 | -10/Mines | Entered Materials 86 | -9/Materials | Evolved 2 slots: Propulsion x2 120 | -9/Materials | Core integrity fell below 50% 145 | -9/Materials | Discovered new exit (range 6) 149 | -9/Materials | Entered Mines 159 | -9/Mines | Assembled infested the area 180 | -9/Mines | Met a Derelict bent on vengeance 180 | -9/Mines | Core integrity fell below 20% 191 | -9/Mines | Identified exit to Materials 196 | -9/Mines | Learned location of 1 exit from Materials 229 | -9/Mines | Self-destructed Last Messages --------------- 00113_ Slammed into Y-45 Defender. 00127_ Acquired Visual Processing Unit. 00132_ Connecting with Terminal... >>Layout(Zone) Retrieving Zone 1E layout... Downloaded map data. 00143_ K-01 Serf collects debris. 00145_ EXIT=FOUND 00149_ Slammed into A-02 Transporter. LOCATION=UNKNOWN GOAL=ESCAPE Something is scanning the area. 00150_ K-01 Serf collects debris. 00159_ ALERT: Infestation in the mines, dispatching Demolisher response squad. 00177_ Knocked back. 00191_ Acquired derelict log, extracted data. Data stored: Materials exits (x1). 00203_ as-06830 sneak attacks. 00203_ T-07 Excavator system corrupted by crushing effect. 00206_ T-07 Excavator destroyed. Map ----- +----------------------------------------------------+ | | | | | | | | | | | | | | | | | | | | | | | | | | | | | | | ???????????????????????????????????? | | ???????????????????????????????????? | | ???????????????????????????????????? | | ?????????????????????########??????? | | ??????????????????#### ##?????? | | ???####??????????## #?????? | | ??## ##?####????# #?????# | | ??# ### ##???# ## ##???## | | ??# #???# #### ##?## | | ??# #???####???# ### | | ?## @##??????????## | | ?# #####????????????### # | | ?# ##??????????????????## # | | ?# ##???????????????????## # | | ?## #????###?????????????# # | | ??# #??## ##???????????## # | | ??# #### #???????????# # | | ??# ## #???????????# ## | | ??# #???????????# ###? | | ??# #???????????# ####??? | | ??# ##??????????# #?????? | | ??# * #####????### ####??? | | ??## !%= ###?## ##?? | | ???# ### ### ### | | ???# ##???# # | | ???# #????## """" | | ???# #?????# """" | | ???# #????## ## """" # | | ???# ##????# ##### # | | ???# ####?????# #???## # | | ???# #????????# ##????? ## | | ???# #????????# ####?????? # ##? | | ??## #????????# #?????????### #?? | | ?## #????????# #????????????? #?? | | ?# #????????# #?????????????? ?? | +----------------------------------------------------+ Best States ------------- Heat Dissipation 28 Energy Generation 5 Energy Capacity 100 Matter Stores 300 Matter Capacity 300 Sight Range 18 Terrain Scan Density 10 Evasion (%) 50 Item Schematics ----------------- None Robot Schematics ------------------ None Fabricated ------------ Nothing Alien Tech Used ----------------- None Achievements -------------- None Challenges ------------ None Game ------ Seed ActiveSurveybotCompressor Manual? 0 Play Time 00:03:00 Cumulative 118.0 hours Start 2023.04.17 @ 13:39:02 End 2023.04.17 @ 13:41:39 Sessions 1 Manual Loads 0 Difficulty Rogue Special Mode None Game No. 334 Rogue 334 Adventurer 0 Explorer 0 Win Type - Total 4 Types 4/0/0/0/0/0/0/0/0 Lore% 59 Gallery% 60 Achievement% 53 Wizard Run 0 Options --------- ASCII 0 Keyboard 0 Movement Numpad Keybinds 0 Fullscreen 1 Font 12/Smallcaps Map View 83x54 Tactical HUD 1 Map Filters NONE Filters NONE Steam 1 RUN: 6eddba45-b803-4aee-8864-2496439919ba